 Dungeon Crawl Stone Soup version 0.24.0-123-gd5b16e6ec5 (webtiles) character file.

Game seed: 4729770897961293079, levelgen mode: deterministic

84 Holewolf1 the Skirmisher (level 4, 0/41 HPs)
             Began as a Hill Orc Fighter on Dec 22, 2019.
             Succumbed to an adder's poison
             ... on level 3 of the Dungeon.
             The game lasted 00:10:06 (2246 turns).

Holewolf1 the Skirmisher (Hill Orc Fighter)         Turns: 2246, Time: 00:10:07

Health: 0/41       AC:  7    Str: 19    XL:     4   Next: 46%
Magic:  4/4        EV:  7    Int:  8    God:
Gold:   97         SH:  9    Dex: 10    Spells: 3/3 levels left

rFire    . . .     SeeInvis .   a - +0 war axe
rCold    . . .     Gourm    .   c - +0 shield
rNeg     . . .     Faith    .   b - +0 scale mail
rPois    .         Spirit   .   (no helmet)
rElec    .         Reflect  .   (no cloak)
rCorr    .         Harm     .   (no gloves)
MR       .....                  (no boots)
Stlth    ..........             g - amulet of inaccuracy (curse)
HPRegen  0.13/turn              (no ring)
MPRegen  0.09/turn              (no ring)

@: lethally poisoned (0 -> -5)
A: no striking features
a: no special abilities


You were on level 3 of the Dungeon.
You were not hungry.

You visited 1 branch of the dungeon, and saw 3 of its levels.

You collected 97 gold pieces.

Inventory:

Hand Weapons
 a - a +0 war axe (weapon)
Armour
 b - a +0 scale mail (worn)
 c - a +0 shield (worn)
Jewellery
 g - a cursed amulet of inaccuracy (around neck)
Scrolls
 k - 3 scrolls of identify
 l - a scroll of enchant weapon {unknown}
 n - a scroll of teleportation {unknown}
Potions
 d - a potion of might
 e - a potion of ambrosia {unknown}
 h - a potion of curing {unknown}
 i - a potion of cancellation
 j - a potion of brilliance {unknown}
 m - a potion of degeneration {unknown}
 o - a potion of lignification {unknown}
Comestibles
 f - 4 rations
 p - a chunk of flesh


   Skills:
 + Level 4.3 Fighting
 + Level 3.8 Axes
 + Level 3.8 Armour
 + Level 0.5 Dodging
 + Level 0.2 Stealth
 + Level 4.0 Shields


You had 3 spell levels left.
You didn't know any spells.
Your spell library was empty.

Dungeon Overview and Level Annotations

Branches:
Dungeon (3/15)

Altars:


Message History

You miss the adder.
The adder is heavily wounded.
The adder bites you.
* * * LOW HITPOINT WARNING * * *
You are lethally poisoned!
The adder poisons you! The adder bites you but does no damage.
You miss the adder.
The adder is heavily wounded.
* * * LOW HITPOINT WARNING * * *
You feel sick. You block the adder's attack.
The adder bites you but does no damage.
You completely miss the adder.
The adder is heavily wounded.
* * * LOW HITPOINT WARNING * * *
You feel sick. The adder bites you.
* * * LOW HITPOINT WARNING * * *
The adder bites you but does no damage.
You miss the adder.
The adder is heavily wounded.
You die...

#..# .........#
##.# .........#
#.#
.........####.#
...........##.##
#........#.##..#
........... ##.#
........g#####.#
#..obS@...#
#.#########
##.........<
....#####.##
..... .# .... #
.... ...


You could see an adder, an orc, a goblin and a bat.

Vanquished Creatures
  An adder (D:2)
  2 worms
  3 dart slugs (D:1)
  2 leopard geckos (D:1)
  2 ball pythons
  2 giant cockroaches
  5 goblins
  9 hobgoblins
  6 jackals
  A quokka (D:2)
  10 bats
  9 frilled lizards
  2 kobolds
  7 rats
61 creatures vanquished.

Notes
Turn   | Place    | Note
-------+----------+-------------------------------------------
     0 | D:1      | Holewolf1 the Hill Orc Fighter began the quest for the Orb.
     0 | D:1      | Reached XP level 1. HP: 19/19 MP: 1/1
   115 | D:1      | Reached XP level 2. HP: 27/27 MP: 2/2
   466 | D:1      | Reached XP level 3. HP: 26/33 MP: 3/3
  1454 | D:2      | Reached XP level 4. HP: 38/40 MP: 4/4
  2245 | D:3      | HP: 1/41 [adder (3)]
  2246 | D:3      | Succumbed to an adder's poison

Levels and vault maps discovered:
D:1:      wander_arrival_chamber, layout_loops_ring
D:2:      layout_rooms, first_ration
D:3:      layout_rooms, makhleb_grotto_becter, serial_co_window_serial,
          co_window_paths_a, co_window_of_opportunity_a, co_window_paths_a,
          co_window_corner_a, co_window_of_opportunity_a, co_window_cross_4,
          co_window_cross_3, co_window_broadway_a, co_window_paths_d,
          glass_columns_c, nicolae_gozag_cash_rules_everything_around_me

Skill      XL: |  1  2  3  4 |
---------------+-------------+-----
Fighting       | 4 |  4.3
Axes           | 3 |  3.8
Shields        | 4 |  4.0
Armour         | |  3.8
Dodging        | |  0.5
Stealth        | |  0.2

Action                   |  1- 3 |  4- 6 || total
-------------------------+-------+-------++-------
Melee: War axe           |   264 |   125 ||   389
  Use: Scroll            |     1 |       ||     1
  Eat: Chunk             |     3 |       ||     3
       Ration            |       |     1 ||     1
Armor: Scale mail        |   148 |    79 ||   227
Dodge: Dodged            |    84 |    45 ||   129
Block: Shield            |   163 |    67 ||   230
